 Dungeon Crawl Stone Soup version 0.21-a0-225-g207ae17 (webtiles) character file.

12 Goblin1989 the Insei (level 2, 0/21 HPs)
             Began as a Demonspawn Transmuter on Aug 29, 2017.
             Slain by a gnoll
             ... wielding a +0 halberd
              (11 damage)
             ... on level 1 of the Dungeon.
             The game lasted 00:00:47 (347 turns).

Goblin1989 the Insei (Demonspawn Transmuter)         Turns: 347, Time: 00:00:47

Health: 0/21       AC:  4    Str: 10    XL:     2   Next: 20%
Magic:  5/5        EV: 12    Int: 14    God:
Gold:   8          SH:  0    Dex: 13    Spells: 4/5 levels left

rFire    . . .     SeeInvis .     - Unarmed
rCold    . . .     Gourm    .   (no shield)
rNeg     . . .     Faith    .   b - +0 robe
rPois    .         Spirit   .   (no helmet)
rElec    .         Reflect  .   (no cloak)
rCorr    .         Harm     .   (no gloves)
MR       .....                  (no boots)
Stlth    +.........             (no amulet)
HPRegen  0.07/turn              (no ring)
MPRegen  0.09/turn              (no ring)

@: no status effects
A: molten scales 1
a: no special abilities


You were on level 1 of the Dungeon.
You were not hungry.

You visited 1 branch of the dungeon, and saw 1 of its levels.

You collected 8 gold pieces.

Inventory:

Missiles
 a - 12 arrows
Armour
 b - a +0 robe (worn)
Scrolls
 g - a scroll of recharging {unknown}
Potions
 h - a potion of degeneration {unknown}
Books
 c - a book of Changes

   Spells                             Type                      Level
   a - Beastly Appendage              Transmutation                1
   b - Sticks to Snakes               Transmutation                2
   c - Spider Form                    Transmutation/Poison         3
   d - Ice Form                       Ice/Transmutation            4
   e - Blade Hands                    Transmutation                5
Comestibles
 e - a bread ration {@e1}
 f - 4 chunks of flesh


   Skills:
 - Level 1.0 Fighting
 - Level 1.7 Dodging
 + Level 3.3 Unarmed Combat
 - Level 2.0 Spellcasting
 - Level 1.7 Transmutations


You had 4 spell levels left.
You knew the following spells:

 Your Spells              Type           Power        Failure   Level  Hunger
a - Beastly Appendage     Tmut           #.....       12%         1    ##.....


Dungeon Overview and Level Annotations

Branches:
Dungeon (1/15)

Altars:


Innate Abilities, Weirdness & Mutations

You are partially covered in molten scales. (AC +2)


Message History

No target in view!
No target in view!
No target in view!
No target in view!
No target in view!
No target in view!
No target in view!
You butcher the hobgoblin corpse.
f - 5 chunks of flesh (gained 4)
You see here a club. x2
Health restored: 21
h - a bubbling golden potion Some of the chunks of flesh in your inventory have rotted away.
A bat comes into view.
A bat is nearby!
The bat hits you.
You take 1 damage, and have 20/21 hp.
You closely miss the bat. The bat closely misses you.
You miss the bat. The bat barely misses you.
The bat hits you but does no damage. The bat hits you but does no damage. x2
You hit the bat.
You kill the bat!
No target in view!
No target in view!
No target in view!
No target in view!
No target in view!
No target in view!
No target in view!
No target in view!
No target in view!
No target in view!
No target in view!
No target in view!
No target in view!
No target in view!
No target in view!
No target in view!
No target in view!
No target in view!
No target in view!
No target in view!
No target in view!
Found a stone staircase leading down.
Health restored: 21 A gnoll comes into view.
It is wielding a halberd.
The gnoll shouts!
Unknown command.
The gnoll barely misses you.
You hit the gnoll.
The gnoll is lightly wounded.
You hit the gnoll but do no damage.
The gnoll is lightly wounded.
The gnoll hits you with a halberd.
You take 5 damage, and have 16/21 hp.
MASSIVE DAMAGE!!
You hit the gnoll.
The gnoll is heavily wounded.
The gnoll closely misses you.
You barely miss the gnoll.
The gnoll is heavily wounded.
The gnoll barely misses you.
You hit the gnoll but do no damage.
The gnoll is heavily wounded.
The gnoll hits you with a halberd.
You take 5 damage, and have 11/21 hp.
MASSIVE DAMAGE!!
You are too injured to fight recklessly!
You are too injured to fight recklessly!
You are too injured to fight recklessly!
You are too injured to fight recklessly!
You are too injured to fight recklessly!
You are too injured to fight recklessly!
You are too injured to fight recklessly!
You are too injured to fight recklessly!
You are too injured to fight recklessly!
You are too injured to fight recklessly!
You are too injured to fight recklessly!
You are too injured to fight recklessly!
You are too injured to fight recklessly!
You are too injured to fight recklessly!
You are too injured to fight recklessly!
You are too injured to fight recklessly!
You are too injured to fight recklessly!
You are too injured to fight recklessly!
You are too injured to fight recklessly!
You are too injured to fight recklessly!
You are too injured to fight recklessly!
You are too injured to fight recklessly!
You are too injured to fight recklessly!
You are too injured to fight recklessly!
You closely miss the gnoll.
The gnoll is heavily wounded.
You hit the gnoll but do no damage.
The gnoll is heavily wounded.
The gnoll closely misses you.
You hit the gnoll.
The gnoll is almost dead.
The gnoll hits you with a halberd!
Ouch! That really hurt!
You die...

████.....█.█
█.█..██.█
█....██.█
█.█..████
...█..█████ ███
█......█
█8█..███.█
.....███.█
..........@█
...........g......
███8█......███..██
██████...█ █ █...█
█...█ .....


██████ You could see a gnoll.

Vanquished Creatures
  3 bats (D:1)
  3 hobgoblins (D:1)
  2 kobolds (D:1)
  3 rats (D:1)
11 creatures vanquished.

Notes
Turn   | Place    | Note
-------+----------+-------------------------------------------
     0 | D:1      | Goblin1989 the Demonspawn Transmuter began the quest for the Orb.
     0 | D:1      | Reached XP level 1. HP: 15/15 MP: 3/3
    44 | D:1      | Reached skill level 3 in Unarmed Combat
    52 | D:1      | Gained mutation: You are partially covered in molten scales. (AC +2) [demonic ancestry]
    52 | D:1      | Reached XP level 2. HP: 11/21 MP: 5/5
   347 | D:1      | Slain by a gnoll

Vault maps used:
D:1:      shiori_shiawase, corexii_hall_statues_x

Skill      XL: |  1 |
---------------+----+-----
Unarmed Combat | 3 |  3.3
Fighting       | |  1.0
Dodging        | |  1.7
Spellcasting   | |  2.0
Transmutations | |  1.7

Action                   || total
-------------------------++-------
Melee: Unarmed           ||    43
 Stab: Sleeping          ||     1
Armor: Robe              ||    11
Dodge: Dodged            ||    31

Table legend:
 A = Spawn XP
 B = Non-spawn XP
 C = Spawn XP percentage of total XP
 D = Spawn monster count
 E = Non-spawn monster count
 F = Spawn count percentage of total count
 G = Total turns spent on level
                    A         B        C        D         E        F      G
               +---------+---------+-------+---------+---------+-------+---------
         Total |       0 |      18 |   0.0 |       0 |      11 |   0.0 |   347
               +---------+---------+-------+---------+---------+-------+---------
           D:1 |       0 |      18 |   0.0 |       0 |      11 |   0.0 |   347
               +---------+---------+-------+---------+---------+-------+---------

Vault maps used:
D:1:      shiori_shiawase, corexii_hall_statues_x
